 Dungeon Crawl Stone Soup version 0.29.0-4-gdea44cf6ec (webtiles) character file.

Game seed: 3189648901279827171

1151 qw the Cleaver (level 8, 0/48 HPs)
             Began as a Tengu Warper on Aug 28, 2022.
             Slain by a killer bee (6 damage)
             ... on level 5 of the Dungeon.
             The game lasted 00:00:32 (7014 turns).

qw the Cleaver (Tengu Warper)                       Turns: 7014, Time: 00:00:33

Health: 0/48       AC:  8    Str: 14    XL:     8   Next: 38%
Magic:  12/12      EV:  6    Int: 13    God:
Gold:   140        SH:  9    Dex: 14    Spells: 11/11 levels left

rFire   . . .      SeeInvis .   Y - +0 hand axe (freeze)
rCold   . . .      Faith    .   h - +0 kite shield
rNeg    . . .      Spirit   .   d - +0 chain mail
rPois   .          Reflect  .   (helmet restricted)
rElec   .          Harm     .   (no cloak)
rCorr   .          Rampage  .   (no gloves)
Will    .....                   (boots unavailable)
Stlth   ..........              (no amulet)
HPRegen 0.16/turn               (no ring)
MPRegen 0.13/turn               (no ring)

@: flying quickly and evasively, quick
A: beak, talons 3, nimble flight
a: no special abilities


You were on level 5 of the Dungeon.
You visited 1 branch of the dungeon, and saw 5 of its levels.

You collected 218 gold pieces.
You spent 78 gold pieces at shops.


Innate Abilities, Weirdness & Mutations

You have a beak for a mouth.
You have claws for feet.
Your magical nature lets you fly swiftly and evasively.


   Skills:
 - Level 3.6 Fighting
 + Level 8.1 Axes
 - Level 1.0 Throwing
 - Level 2.3 Armour
 - Level 2.1 Dodging
 - Level 5.1 Shields
 - Level 2.0 Spellcasting
 - Level 2.4 Translocations


You had 11 spell levels left.
You didn't know any spells.
Your spell library contained the following spells:

 Spells                   Type           Power      Damage    Failure   Level
 Blink                    Tloc           14%        N/A       100%        2
 Gell's Gravitas          Tloc           7%         N/A       100%        3
 Lesser Beckoning         Tloc           7%         N/A       100%        3
 Teleport Other           Tloc           7%         N/A       100%        3
 Manifold Assault         Tloc           7%         N/A       100%        5

Inventory:

Hand Weapons
 p - a -2 morningstar of protection
 Y - a +0 hand axe of freezing (weapon)
Missiles
 i - a boomerang (quivered)
Armour
 d - a +0 chain mail (worn)
 h - a +0 kite shield (worn)
Scrolls
 j - a scroll of enchant armour
 m - a scroll of identify
 o - a scroll of amnesia {unknown}
Potions
 a - a potion of magic {unknown}
 b - a potion of mutation {unknown}
 e - a potion of curing {unknown}
 f - a potion of resistance {unknown}
 g - a potion of degeneration {unknown}
 k - a potion of cancellation {unknown}
 l - a potion of berserk rage {unknown}
 n - a potion of haste

Dungeon Overview and Level Annotations

Branches:
Dungeon (5/15)
 Temple: D:4-7

Altars:
Hepliaklqana

Shops:
D:2 (

Annotations:
D:3 1 runed translucent door, Crazy Yiuf


Message History

You feel sick. You block the killer bee's attack.
The killer bee stings you but does no damage. x2
You closely miss the killer bee.
You claw the killer bee, but do no damage.
The killer bee is almost dead.
You feel sick. The killer bee stings you. x2
You barely miss the killer bee. Your peck misses the killer bee.
The killer bee is almost dead.
You feel sick. You block the killer bee's attack.
The killer bee stings you but does no damage.
You closely miss the killer bee. Your kick misses the killer bee.
The killer bee is almost dead.
You feel sick. The killer bee stings you. The killer bee barely misses you.
You barely miss the killer bee. You claw the killer bee.
You kill the killer bee!
You feel sick.
The killer bee stings you but does no damage.
Your Shields skill increases to level 5!
You completely miss the killer bee. Your peck misses the killer bee.
You feel sick.
You are no longer poisoned.
The killer bee barely misses you.
The killer bee stings you but does no damage.
You hit the killer bee. You freeze the killer bee.
Your kick misses the killer bee.
The killer bee is moderately wounded.
The killer bee stings you! You block the killer bee's attack.
You barely miss the killer bee. You peck the killer bee.
The killer bee is heavily wounded.
The killer bee stings you but does no damage.
The killer bee barely misses you.
You closely miss the killer bee. You claw the killer bee!
The killer bee is almost dead.
You block the killer bee's attack.
The killer bee stings you but does no damage.
You miss the killer bee. Your kick misses the killer bee.
The killer bee is severely wounded.
The killer bee stings you but does no damage.
The killer bee stings you.
You die...

## #.....#...##
.#.###.#....#....### #
#.#...###...#.....#.
#.#.#....#.###.#....#.
#.#.#.....#...###...#.
#...#....#....#.###.#
#..y##...#..>..#...##
#.Sy#.###.#....#....#
#@#...###...#.....
#.#....#.###.#....
#.#.....#...###...
...#....#....#.###
...##...#.....#...
#...#.###.#....#...
.#.#.....###...#...
.#.#......#.###.#.. .#
#.....#.....###.


You could see 2 killer bees and an adder.

Vanquished Creatures
  Sigmund (D:2)
  A black bear (D:5)
  An ogre (D:5)
  3 scorpions
  A howler monkey (D:4)
  3 killer bees (D:5)
  2 hounds
  A jelly (D:5)
  Natasha (thrice) (D:3)
  2 iguanas (D:5)
  Jessica (D:3)
  An orc wizard (D:3)
  5 gnolls
  6 adders
  2 worms (D:2)
  4 dart slugs
  4 orcs (D:2)
  8 bats
  7 endoplasms
  3 giant cockroaches
  3 hobgoblins
  6 jackals
  8 kobolds
  2 quokkas (D:4)
  6 ball pythons
  6 goblins
  7 rats
  A spectral goblin (D:4)
98 creatures vanquished.

Vanquished Creatures (others)
  3 fungi (D:4)
3 creatures vanquished.

Grand Total: 101 creatures vanquished

Notes
Turn   | Place    | Note
-------+----------+-------------------------------------------
     0 | D:1      | qw the Tengu Warper began the quest for the Orb.
     0 | D:1      | Reached XP level 1. HP: 12/12 MP: 4/4
     0 | D:1      | 0 ||| qw: Version: 0.1-a-89-g26bdef1
     0 | D:1      | 0 ||| qw: Game counter: 815
     0 | D:1      | 0 ||| qw: Always use a shield: true
     0 | D:1      | 0 ||| qw: God list: Okawaru
     0 | D:1      | 0 ||| qw: Allow faded altars: false
     0 | D:1      | 0 ||| qw: Do Orc after D:15 true
     0 | D:1      | 0 ||| qw: Do second Lair branch before Depths: true
     0 | D:1      | 0 ||| qw: Lair rune preference: random
     0 | D:1      | 0 ||| qw: Plans: Normal
     0 | D:1      | 0 ||| PLANNING D:1-11
   634 | D:1      | Reached XP level 2. HP: 17/17 MP: 6/6
   784 | D:1      | Reached skill level 3 in Axes
  1069 | D:1      | 1069 ||| UPGRADING to +0 buckler.
  1074 | D:1      | 1074 ||| READING scroll labelled QUHEET UBIZIN.
  1075 | D:1      | 1075 ||| READING scroll labelled OFIMEO GUMUSS.
  1076 | D:1      | 1076 ||| READING scroll labelled USEHOF OVVETSAIH.
  1077 | D:1      | 1077 ||| READING scroll labelled HAK PU XAIMIG.
  1081 | D:1      | 1081 ||| DROPPING scroll of blinking.
  1111 | D:2      | HP: 3/17 [poisoned by an adder]
  1112 | D:2      | Reached skill level 1 in Shields
  1113 | D:2      | HP: 1/17 [poisoned by an adder]
  1161 | D:2      | 1161 ||| FLEEEEING.
  1162 | D:2      | 1162 ||| STAIRDANCE
  1421 | D:2      | 1421 ||| STAIRDANCE
  1477 | D:2      | Reached XP level 3. HP: 21/21 MP: 7/7
  1550 | D:2      | Noticed Sigmund
  1572 | D:2      | Killed Sigmund
  1573 | D:2      | Reached skill level 6 in Axes
  1573 | D:2      | Reached XP level 4. HP: 16/26 MP: 8/8
  1573 | D:2      | Gained mutation: Your magical nature lets you fly swiftly
                  | and evasively. [Tengu growth]
  1573 | D:2      | Reached XP level 5. HP: 18/30 MP: 9/9
  1610 | D:2      | 1610 ||| FLEEEEING.
  1611 | D:2      | 1611 ||| FLEEEEING.
  1612 | D:2      | 1612 ||| FLEEEEING.
  1613 | D:2      | 1613 ||| FLEEEEING.
  1614 | D:2      | 1614 ||| FLEEEEING.
  1615 | D:2      | 1615 ||| FLEEEEING.
  1616 | D:2      | 1616 ||| FLEEEEING.
  1617 | D:2      | 1617 ||| FLEEEEING.
  1618 | D:2      | 1618 ||| FLEEEEING.
  1622 | D:2      | 1622 ||| STAIRDANCE
  1894 | D:2      | Found Deuryel's Antique Weapon Shop.
  1897 | D:2      | 1897 ||| BUYING mace (78 gold).
  1897 | D:2      | Bought a mace for 78 gold pieces
  1897 | D:2      | 1897 ||| SHOPLISTING runed flail (169 gold, have 30).
  1897 | D:2      | 1897 ||| SHOPLISTING translucent mace (208 gold, have 30).
  1900 | D:2      | 1900 ||| DROPPING +0 club.
  2208 | D:2      | Reached XP level 6. HP: 35/35 MP: 10/10
  2527 | D:2      | 2527 ||| UPGRADING to +0 chain mail.
  2537 | D:2      | 2537 ||| DROPPING +0 leather armour.
  2538 | D:2      | 2538 ||| UPGRADING to +0 kite shield.
  2548 | D:2      | 2548 ||| DROPPING +0 buckler.
  2549 | D:2      | 2549 ||| READING scroll labelled KUSEHA WYMPIURPH.
  2550 | D:2      | 2550 ||| READING scroll labelled GUEDWI YHYD.
  2595 | D:3      | 2595 ||| Stepping ~*~*~tactically~*~*~ (stealth).
  2697 | D:3      | 2697 ||| Stepping ~*~*~tactically~*~*~ (stealth).
  2699 | D:3      | Found a faded altar of an unknown god.
  2811 | D:3      | Noticed Jessica
  2812 | D:3      | 2812 ||| Stepping ~*~*~tactically~*~*~ (hiding).
  2815 | D:3      | 2815 ||| Stepping ~*~*~tactically~*~*~ (hiding).
  2821 | D:3      | Killed Jessica
  2880 | D:3      | 2880 ||| Stepping ~*~*~tactically~*~*~ (stealth).
  3004 | D:3      | Noticed Natasha
  3013 | D:3      | Killed Natasha
  3086 | D:3      | 3086 ||| FLEEEEING.
  3087 | D:3      | 3087 ||| FLEEEEING.
  3088 | D:3      | 3088 ||| FLEEEEING.
  3089 | D:3      | 3089 ||| FLEEEEING.
  3090 | D:3      | 3090 ||| FLEEEEING.
  3206 | D:3      | Noticed Natasha
  3214 | D:3      | Killed Natasha
  3306 | D:3      | Found a runed translucent door.
  3307 | D:3      | Noticed Crazy Yiuf
  3824 | D:3      | Noticed Natasha
  3825 | D:3      | 3825 ||| Stepping ~*~*~tactically~*~*~ (stealth).
  3826 | D:3      | 3826 ||| Stepping ~*~*~tactically~*~*~ (stealth).
  3833 | D:3      | HP: 6/35 [white imp/puff of frost[Natasha] (7)]
  3834 | D:3      | Killed Natasha
  3835 | D:3      | Reached skill level 3 in Shields
  4221 | D:3      | 4221 ||| READING 3 scrolls labelled FAYCSUIJIP.
  4362 | D:3      | 4362 ||| DRINKING 4 metallic orange potions.
  4363 | D:3      | 4363 ||| READING 2 scrolls of identify.
  4363 | D:3      | 4363 ||| IDENTIFYING bubbling grey potion
  4364 | D:3      | 4364 ||| DROPPING potion of attraction.
  4365 | D:3      | 4365 ||| DROPPING 2 scrolls of torment.
  4509 | D:3      | 4509 ||| STAIRDANCE
  4687 | D:2      | 4687 ||| DROPPING +0 mace.
  4694 | D:3      | 4694 ||| STAIRDANCE
  4747 | D:3      | 4747 ||| Stepping randomly (stuck).
  5102 | D:4      | Reached XP level 7. HP: 24/40 MP: 11/11
  5296 | D:4      | 5296 ||| DROPPING +0 flail.
  5335 | D:4      | Found a hazy altar of Hepliaklqana.
  5470 | D:4      | 5470 ||| Stepping ~*~*~tactically~*~*~ (stealth).
  5492 | D:4      | 5492 ||| Stepping ~*~*~tactically~*~*~ (hiding).
  5755 | D:4      | 5755 ||| Stepping ~*~*~tactically~*~*~ (hiding).
  5767 | D:4      | Reached skill level 7 in Axes
  6022 | D:4      | 6022 ||| READING scroll labelled IKEAMO IPHO.
  6078 | D:5      | Entered Level 5 of the Dungeon
  6597 | D:5      | Reached skill level 3 in Fighting
  6601 | D:5      | Reached XP level 8. HP: 36/48 MP: 12/12
  6672 | D:5      | 6672 ||| Stepping ~*~*~tactically~*~*~ (hiding).
  6687 | D:5      | HP: 11/48 [gnoll/+0 spear (6)]
  6688 | D:5      | 6688 ||| DRINKING 3 potions of heal wounds.
  6690 | D:5      | 6690 ||| DRINKING 2 potions of heal wounds.
  6876 | D:5      | Reached skill level 8 in Axes
  6983 | D:5      | 6983 ||| Stepping ~*~*~tactically~*~*~ (stealth).
  7002 | D:5      | HP: 11/48 [poisoned by a killer bee]
  7003 | D:5      | 7003 ||| DRINKING potion of heal wounds.
  7011 | D:5      | HP: 5/48 [killer bee (8)]
  7014 | D:5      | Slain by a killer bee

Levels and vault maps discovered:
D:1:      dpeg_arrival_chambers_temple_mockup, layout_basic
D:2:      layout_loops_ring, serial_shops, shop, cheibrodos_gnoll_hut,
          uniq_sigmund
D:3:      layout_basic, nicolae_ecumenical_oubliette, serial_aquarium,
          aquarium_bridge_straight [aquarium_subvault_bridge,
          aquarium_subvault_window, aquarium_subvault_bridge,
          aquarium_subvault_wall], aquarium_window_corridor_3,
          aquarium_window_fake, aquarium_window_corner, aquarium_window_2,
          aquarium_view_2d, aquarium_view_2e, kennysheep_generic_room_16,
          uniq_jessica, uniq_crazy_yiuf_cottage, uniq_natasha
D:4:      old_forge, layout_loops_ring, nicolae_hepliaklqana_monster_ancestors
D:5:      nicolae_BIG_FREAKIN_CUBE, layout_loops_ring, minitemple

Skill      XL: |  1  2  3  4  5  6  7  8 |
---------------+-------------------------+-----
Axes           | 3 6 7 8 |  8.1
Shields        | 1 3 4 5 |  5.1
Armour         | 2 |  2.3
Fighting       | 3 |  3.6
Throwing       | |  1.0
Dodging        | |  2.1
Spellcasting   | |  2.0
Translocations | |  2.4

Action                   |  1- 3 |  4- 6 |  7- 9 || total
-------------------------+-------+-------+-------++-------
Melee: Hand axe          |    58 |   123 |   128 ||   309
       Kick              |    16 |    31 |    34 ||    81
       Peck              |     7 |    17 |    13 ||    37
Throw: Boomerang         |     7 |    10 |    22 ||    39
  Use: Scroll            |     4 |     4 |     1 ||     9
       Potion            |       |     1 |     3 ||     4
Armor: Leather armour    |     8 |     1 |       ||     9
       Chain mail        |       |    39 |    45 ||    84
Dodge: Dodged            |    19 |    31 |    29 ||    79
Block: Buckler           |     6 |     5 |       ||    11
       Kite shield       |       |    30 |    68 ||    98

Table legend:
 A = Non-vault XP
 B = Vault XP
 C = Vault XP percentage of total XP
 D = Non-vault monster count
 E = Vault monster count
 F = Vault count percentage of total count
                 A         B        C        D         E       F
            +---------+---------+-------+---------+---------+-------
      Total |    1096 |     549 |  33.4 |      80 |      18 |  18.4
            +---------+---------+-------+---------+---------+-------
        D:1 |      18 |       0 |   0.0 |      12 |       0 |   0.0
        D:2 |      73 |     257 |  77.9 |      22 |       4 |  15.4
        D:3 |     134 |      76 |  36.2 |      17 |       2 |  10.5
        D:4 |     130 |     216 |  62.4 |      14 |      12 |  46.2
        D:5 |     741 |       0 |   0.0 |      15 |       0 |   0.0
            +---------+---------+-------+---------+---------+-------
